 Dungeon Crawl Stone Soup version 0.21-a0-404-g291f19a (webtiles) character file.

1841 Hasart the Cleaver (level 8, -1/65 HPs)
             Began as a Demonspawn Gladiator on Oct 30, 2017.
             Slain by an orc warrior
             ... wielding a +0 halberd
              (22 damage)
             ... on level 6 of the Dungeon.
             The game lasted 00:13:17 (8099 turns).

Hasart the Cleaver (Demonspawn Gladiator)           Turns: 8099, Time: 00:13:17

Health: -1/65      AC:  6    Str: 16    XL:     8   Next: 87%
Magic:  8/8        EV: 13    Int:  9    God:
Gold:   186        SH:  4    Dex: 16    Spells: 7/7 levels left

rFire    . . .     SeeInvis .   n - +3 war axe
rCold    . . .     Gourm    .   (no shield)
rNeg     . . .     Faith    .   b - +0 leather armour
rPois    .         Spirit   .   (helmet restricted)
rElec    .         Reflect  .   (no cloak)
rCorr    .         Harm     .   l - +1 pair of gloves
MR       .....                  u - +0 pair of boots
Stlth    ++++......             (no amulet)
HPRegen  0.20/turn              r - ring of flight
MPRegen  0.11/turn              (no ring)

@: no status effects
A: antennae 1, large bone plates 1, nightstalker 2, spiny 2
a: Evoke Flight


You were on level 6 of the Dungeon.
You were hungry.

You visited 1 branch of the dungeon, and saw 6 of its levels.
You also visited: Sewer.

You collected 186 gold pieces.

Inventory:

Hand Weapons
 n - a +3 war axe (weapon)
Missiles
 d - 3 throwing nets (quivered)
Armour
 b - a +0 leather armour (worn)
 c - a +0 helmet
 l - a +1 pair of gloves (worn)
 u - a +0 pair of boots (worn)
Jewellery
 r - a ring of flight (left hand)
Wands
 a - a wand of flame (18/48)
Scrolls
 e - 2 scrolls of teleportation
 j - 7 scrolls of identify {unknown}
 m - a scroll of enchant weapon {unknown}
 q - 5 scrolls of remove curse
Potions
 g - a potion of haste {unknown}
 h - a potion of berserk rage {unknown}
 k - a potion of agility {unknown}
 p - 2 potions of resistance {unknown}
 s - 3 potions of lignification {unknown}
Comestibles
 f - 2 bread rations
 i - 2 royal jellies
 o - 6 fruits
 t - a meat ration
 v - a chunk of flesh


   Skills:
 + Level 6.7 Fighting
 * Level 8.9 Axes
 - Level 1.7 Throwing
 - Level 2.6 Dodging
 - Level 2.1 Stealth


You had 7 spell levels left.
You didn't know any spells.

Dungeon Overview and Level Annotations

Branches:
Dungeon (6/15)
 Temple: D:4-7

Altars:
Elyvilon
Gozag
Hepliaklqana
Makhleb
Qazlal
Trog
Vehumet

Annotations:
D:6 Prince Ribbit


Innate Abilities, Weirdness & Mutations

You have a pair of small antennae on your head.
You are partially covered in large bone plates. (SH +4)
You are significantly more attuned to the shadows.
You are mostly covered in sharp spines.


Message History

You completely miss the orc wizard.
The orc wizard is almost dead.
You closely miss the orc warrior.
The orc wizard gestures at you while chanting.
The magic dart hits you! The orc warrior misses you.
Unknown command.
You slash the orc wizard!
You kill the orc wizard!
You hit the orc warrior but do no damage.
Unknown command.
You slash the orc warrior!
The orc warrior is heavily wounded.
The orc warrior hits you with a halberd!!
The orc is struck by your spines. The orc hits you but does no damage.
Unknown command.
You are too injured to fight recklessly!
You are too injured to fight recklessly!
Unknown command.
The orc warrior hits you from afar with a halberd!!
You die...

###########
..........###
oo8..8o.8..8##
..o........oo###
...o......ooooo#
o.........ooo#.#
o.8.o8..8.o8##@#
..........####.# #
########### ##.# #
#..# # #######.##
## #####.......# .#
≈≈§§≈.§≈≈≈≈.###
.###≈####'####§...#
...###§≈≈.≈≈≈####.#


You could see an orc warrior and 2 orcs.

Vanquished Creatures
  The ghost of darxusza the Skirmisher, an amateur MiSk (D:3)
  A water moccasin (D:5)
  A phantom (D:5)
  An ogre (D:6)
  2 centaurs
  2 bullfrogs (Sewer)
  2 scorpions
  2 crimson imps (D:5)
  A bullfrog zombie (D:5)
  A jelly (D:5)
  A hound (D:6)
  6 orc priests
  A bullfrog skeleton (D:4)
  4 orc wizards
  Natasha (D:3)
  A hound zombie (D:6)
  A worker ant zombie (D:5)
  Robin (D:4)
  4 gnolls
  17 adders
  2 river rats (D:5)
  An adder zombie (D:4)
  15 oozes
  An adder skeleton (D:4)
  6 worms
  12 leopard geckos
  27 orcs
  6 bats
  12 giant cockroaches
  18 goblins
  15 hobgoblins
  14 jackals
  7 quokkas
  9 ball pythons
  11 frilled lizards
  8 kobolds
  A leopard gecko skeleton (D:5)
  A leopard gecko zombie (D:6)
  13 rats
230 creatures vanquished.

Notes
Turn   | Place    | Note
-------+----------+-------------------------------------------
     0 | D:1      | Hasart the Demonspawn Gladiator began the quest for the Orb.
     0 | D:1      | Reached XP level 1. HP: 16/16 MP: 1/1
   126 | D:1      | Reached skill level 3 in Axes
   208 | D:1      | Gained mutation: You are slightly more attuned to the shadows. [demonic ancestry]
   208 | D:1      | Reached XP level 2. HP: 18/22 MP: 2/2
   970 | D:1      | Reached XP level 3. HP: 28/28 MP: 3/3
  1622 | D:2      | Reached skill level 4 in Axes
  1700 | D:2      | Gained mutation: You have a pair of small antennae on your head. [demonic ancestry]
  1700 | D:2      | Reached XP level 4. HP: 34/34 MP: 4/4
  2363 | D:3      | Noticed darxusza's ghost (amateur MiSk)
  3068 | D:3      | Gained mutation: You are partially covered in large bone plates. (SH +4) [demonic ancestry]
  3068 | D:3      | Reached XP level 5. HP: 9/41 MP: 5/5
  3412 | D:4      | Reached skill level 5 in Axes
  3423 | D:4      | Gained mutation: You are partially covered in sharp spines. [demonic ancestry]
  3423 | D:4      | Reached XP level 6. HP: 38/48 MP: 6/6
  3892 | D:4      | Noticed Robin
  3901 | D:4      | Killed Robin
  4101 | D:4      | Noticed an ice beast
  4125 | D:4      | HP: 2/49 [ice beast (5)]
  4252 | D:4      | Found a white marble altar of Elyvilon.
  4485 | D:4      | Reached skill level 6 in Axes
  4703 | D:3      | Noticed Natasha
  4707 | D:3      | Killed Natasha
  4707 | D:3      | Gained mutation: You are significantly more attuned to the shadows. [demonic ancestry]
  4707 | D:3      | Reached XP level 7. HP: 52/55 MP: 7/7
  4945 | D:3      | Killed darxusza's ghost
  5269 | D:3      | Reached skill level 5 in Fighting
  5604 | D:5      | Entered Level 5 of the Dungeon
  5658 | D:5      | Reached skill level 7 in Axes
  5680 | D:5      | Found a glowing drain.
  5687 | Sewer    | Entered a sewer
  6029 | Sewer    | Gained mutation: You are mostly covered in sharp spines. [demonic ancestry]
  6029 | Sewer    | Reached XP level 8. HP: 62/63 MP: 8/8
  6381 | D:5      | Found a hazy altar of Hepliaklqana.
  6449 | D:5      | Found a burning altar of Makhleb.
  6594 | D:5      | Reached skill level 8 in Axes
  6798 | D:5      | Found a stormy altar of Qazlal.
  7018 | D:6      | Noticed Prince Ribbit
  7063 | D:6      | Reached skill level 1 in Stealth
  7453 | D:6      | Found a radiant altar of Vehumet.
  7706 | D:6      | Found an opulent altar of Gozag.
  8001 | D:6      | Found a runed door.
  8011 | D:6      | Found a bloodstained altar of Trog.
  8099 | D:6      | Slain by an orc warrior

Vault maps used:
D:1:      lightli_arrival_noodles, minmay_unequal
D:3:      uniq_natasha
D:4:      kennysheep_goblin_castle, kennysheep_mini_moat
D:5:      lemuel_crystal_altar, kennysheep_mini, lemuel_doored_altar,
          lightli_sewer_entry_pipes, first_bread
D:6:      vehumet_crystals, lemuel_coloured_pillars_altar,
          lightli_temple_of_fire, grunt_ministairs_15, lightli_church_of_beogh,
          uniq_prince_ribbit1
Sewer:    sewer_frog_island_02

Skill      XL: |  1  2  3  4  5  6  7  8 |
---------------+-------------------------+-----
Axes           | 3 4 5 6 7 8 |  8.9
Fighting       | 3 4 5 6 |  6.7
Stealth        | 2 |  2.1
Throwing       | |  1.7
Dodging        | |  2.6

Action                   |  1- 3 |  4- 6 |  7- 9 || total
-------------------------+-------+-------+-------++-------
Melee: War axe           |   105 |   169 |   231 ||   505
  Use: Scroll            |       |     4 |       ||     4
 Stab: Sleeping          |     4 |     7 |    26 ||    37
       Distracted        |       |     2 |     1 ||     3
  Eat: Chunk             |     3 |     7 |     8 ||    18
       Meat ration       |       |     1 |       ||     1
Armor: Leather armour    |    45 |    28 |    32 ||   105
Dodge: Dodged            |    75 |    85 |   100 ||   260
Block: Other             |       |    17 |    33 ||    50

Table legend:
 A = Spawn XP
 B = Non-spawn XP
 C = Spawn XP percentage of total XP
 D = Spawn monster count
 E = Non-spawn monster count
 F = Spawn count percentage of total count
 G = Total turns spent on level
                    A         B        C        D         E        F      G
               +---------+---------+-------+---------+---------+-------+---------
         Total |       0 |    2631 |   0.0 |       0 |     230 |   0.0 |  8099
               +---------+---------+-------+---------+---------+-------+---------
           D:1 |       0 |      41 |   0.0 |       0 |      26 |   0.0 |   994
           D:2 |       0 |      72 |   0.0 |       0 |      24 |   0.0 |  1756
           D:3 |       0 |     406 |   0.0 |       0 |      35 |   0.0 |  1230
           D:4 |       0 |     484 |   0.0 |       0 |      43 |   0.0 |  1624
           D:5 |       0 |     649 |   0.0 |       0 |      29 |   0.0 |  1030
           D:6 |       0 |     576 |   0.0 |       0 |      27 |   0.0 |  1081
         Sewer |       0 |     403 |   0.0 |       0 |      46 |   0.0 |   384
               +---------+---------+-------+---------+---------+-------+---------
